 Dungeon Crawl Stone Soup version 0.31-a0-523-g071a6c1ffa (webtiles) character file.

Game seed: 17318334878840996981

207 TheKing741 the Chopper (level 5, -1/47 HPs)
             Began as a Hill Orc Fighter on Aug 12, 2023.
             Killed from afar by an orc wizard (3 damage)
             ... with a magic dart
             ... on level 5 of the Dungeon.
             The game lasted 00:07:57 (1259 turns).

TheKing741 the Chopper (Hill Orc Fighter)           Turns: 1259, Time: 00:07:58

Health: -1/47      AC: 10    Str: 19    XL:     5   Next: 85%
Magic:  5/5        EV:  8    Int:  8    God:
Gold:   120        SH:  0    Dex: 12    Spells: 4/4 levels left

rFire   . . .        a - +0 war axe
rCold   . . .        c - +0 buckler
rNeg    . . .        j - +0 chain mail
rPois   .            (no helmet)
rElec   .            m - +0 cloak
rCorr   .            (no gloves)
SInv    .            (no boots)
Will    .....        (no amulet) Stlth
                     (no ring)
HPRegen 0.27/turn    (no ring)
MPRegen 0.09/turn

%: no passive effects
@: confused
A: no striking features
a: no special abilities


You were on level 5 of the Dungeon.
You visited 1 branch of the dungeon, and saw 5 of its levels.

You collected 120 gold pieces.

Inventory:

Hand Weapons
 a - a +0 war axe (weapon)
 l - a +0 battleaxe
Missiles
 f - 33 stones (quivered)
Armour
 b - a +0 scale mail
 c - a +0 buckler (worn)
 j - a +0 chain mail (worn)
 m - a +0 cloak (worn)
Scrolls
 h - a scroll of identify {unknown}
 k - a scroll of enchant weapon {unknown}
 p - a scroll of summoning {unknown}
Potions
 d - a potion of might
 e - a potion of cancellation {unknown}
 g - 2 potions of experience {unknown}
 i - 2 potions of lignification {unknown}
 n - a potion of ambrosia {unknown}
 o - a potion of curing {unknown}


   Skills:
 + Level 4.6 Fighting
 + Level 5.2 Axes
 + Level 4.3 Armour
 + Level 0.9 Dodging
 + Level 0.1 Stealth
 + Level 4.0 Shields


You had 4 spell levels left.
You didn't know any spells.
Your spell library contained the following spells:

 Spells                   Type           Power      Damage    Failure   Level
 Portal Projectile        Hex/Tloc       0%         N/A       100%        3
 Tukima's Dance           Hex            0%         N/A       100%        3
 Iskenderun's Mystic Bla  Conj/Tloc      0%         2d3       100%        4


Dungeon Overview and Level Annotations

Branches:
Dungeon (5/15)
 Temple: D:4-7

Altars:
Dithmenos
Uskayaw
Vehumet

Shops:
D:2 =


Message History

You hit the orc wizard.
The orc wizard is heavily wounded.
You closely miss the orc wizard. You closely miss something.
The orc wizard hits you but does no damage.
The orc wizard hits you with a +0 dagger.
* * * LOW HITPOINT WARNING * * *
Something hits you but does no damage.
The orc wizard hits you but does no damage.
The orc wizard gestures at you while chanting.
You are more confused.
You hit the orc wizard but do no damage.
The orc wizard is moderately wounded.
You barely miss the orc wizard. You miss something.
Something hits you but does no damage.
The orc wizard hits you with a +0 dagger.
* * * LOW HITPOINT WARNING * * *
You miss something. You closely miss the orc wizard. You hit the orc.
You hit the orc wizard but do no damage.
The orc wizard gestures wildly while chanting.
The orc wizard flickers and vanishes!
Something hits you.
* * * LOW HITPOINT WARNING * * *
The orc wizard gestures at you while chanting.
The magic dart hits you.
* * * LOW HITPOINT WARNING * * *
The orc hits you but does no damage.
The orc wizard attacks as you move away!
The orc wizard hits you but does no damage.
The orc wizard casts a spell at you.
You bump into the rock wall.
Something hits you but does no damage. Something hits you.
* * * LOW HITPOINT WARNING * * *
An orc is nearby!
An orc is nearby!
An orc is nearby!
An orc is nearby!
You bump into the rock wall.
Something hits you but does no damage.
You hear some strange, mumbled words.
A magic dart appears from out of thin air!
The magic dart hits you.
You die...

#.........
#.....##..
#...))<#
#...)))# #
##..#).#..#
#.........#
#.$.......#
#.####....#
#o{@...#...#
#..#####...#
#....# ..#
#....#
#....#
#.....
.......
##......
........


You could see an orc.

Vanquished Creatures
  A scorpion (D:4)
  A gnoll bouda (D:5)
  2 adders
  5 gnolls (D:5)
  A white imp (D:4)
  3 dart slugs
  2 orcs
  2 ball pythons (D:2)
  3 bats (D:1)
  3 endoplasms
  A giant cockroach (D:1)
  3 goblins
  4 hobgoblins
  4 jackals (D:4)
  7 kobolds
  5 rats
47 creatures vanquished.

Notes
Turn   | Place    | Note
-------+----------+-------------------------------------------
     0 | D:1      | TheKing741 the Hill Orc Fighter began the quest for the
                  | Orb.
     0 | D:1      | Reached XP level 1. HP: 19/19 MP: 1/1
    98 | D:1      | Reached XP level 2. HP: 20/27 MP: 2/2
   354 | D:2      | Found Zauw's Jewellery Shoppe.
   454 | D:2      | Reached skill level 3 in Axes
   454 | D:2      | Reached XP level 3. HP: 33/33 MP: 3/3
   550 | D:3      | Found a hide-covered altar of Uskayaw.
   862 | D:4      | Noticed a scorpion
   863 | D:4      | Found a shadowy altar of Dithmenos.
   863 | D:4      | Found a radiant altar of Vehumet.
   868 | D:4      | Reached XP level 4. HP: 40/40 MP: 4/4
   935 | D:4      | Killed a scorpion
   936 | D:4      | Reached skill level 4 in Axes
   936 | D:4      | Reached XP level 5. HP: 44/47 MP: 5/5
  1223 | D:5      | Entered Level 5 of the Dungeon
  1235 | D:5      | Reached skill level 5 in Axes
  1256 | D:5      | HP: 2/47 [orc wizard/magic dart (5)]
  1259 | D:5      | Killed from afar by an orc wizard

Illustrated notes

Levels and vault maps discovered:
D:1:      lemuel_arrival_lava_pool, layout_basic
D:2:      kennysheep_six_static_rooms, layout_basic, serial_shops,
          nicolae_shop_window_shopping
D:3:      layout_basic, nicolae_uskayaw_murder_on_the_dancefloor,
          nicolae_overflow_hidden_temple, small_statue_intersection,
          hangedman_abyss_or_decor_stabs, uniq_jessica
D:4:      layout_gridville, nicolae_overflow_two_pavilions
D:5:      layout_basic, trog_butcher_becter, mainiacjoe_overflow_cross_hatched,
          minmay_temple_entry_hall, minmay_misc_feat_alley,
          kennysheep_generic_room_9

Skill      XL: |  1  2  3  4  5 |
---------------+----------------+-----
Fighting       | 4 |  4.6
Axes           | 3 4 5 |  5.2
Armour         | 4 |  4.3
Shields        | 4 |  4.0
Dodging        | |  0.9
Stealth        | |  0.1

Action                     |  1- 3 |  4- 6 || total
---------------------------+-------+-------++-------
  Melee: War axe           |    93 |    29 ||   122
 Armour: Scale mail        |    37 |       ||    37
         Chain mail        |    24 |    40 ||    64
  Dodge: Dodged            |    55 |    19 ||    74
  Block: Buckler           |    19 |    16 ||    35

Table legend: (Time is in decaauts)
 A = Elapsed time spent in this place.
 B = Non-inter-level travel time spent in this place.
 C = Inter-level travel time spent in this place.
 D = Time resting spent in this place.
 E = Time spent auto-exploring this place.
 F = Levels seen in this place.
 G = Mean time per level.
                   A        B        C        D        E       F      G
               +--------+--------+--------+--------+--------+-----+--------+
         Total |   1303 |    428 |    875 |      0 |      0 |   5 |  260.6 |
       Dungeon |   1303 |    428 |    875 |      0 |      0 |   5 |  260.6 |
               +--------+--------+--------+--------+--------+-----+--------+

Top non-repeatable levels by time:
     D:4: 488 daAuts
     D:1: 331 daAuts
     D:3: 257 daAuts
     D:2: 184 daAuts
     D:5: 40 daAuts
